 Dungeon Crawl Stone Soup version 0.29-a0-838-g385bb11a5b (webtiles) character file.

Game seed: 10247407551058493684

82826 nxtlvl the Severer (level 15, -16/150 HPs)
             Began as a Naga Gladiator on July 13, 2022.
             Was the Champion of Cheibriados.
             Demolished by a two-headed ogre
             ... wielding a +0 giant spiked club
              (30 damage)
             ... on level 12 of the Dungeon.
             The game lasted 02:44:22 (10789 turns).

nxtlvl the Severer (Naga Gladiator)                Turns: 10789, Time: 02:44:23

Health: -16/150    AC: 24    Str: 45    XL:     15   Next: 75%
Magic:  30/30      EV: 10    Int: 24    God:    Cheibriados [******]
Gold:   1333       SH:  0    Dex: 35    Spells: 14/14 levels left

rFire   + + .      SeeInvis +   a - +3 battleaxe (flame)
rCold   + + .      Faith    .   (shield currently unavailable)
rNeg    . . .      Spirit   .   c - +1 gold dragon scales of Ferocious Intercession {rPois rF+ rC+ Regen+}
rPois   +          Reflect  .   f - +0 helmet
rElec   +          Harm     .   e - scarf {rC+ rF+}
rCorr   .          Rampage  .   d - +2 pair of gloves of Cet Luirile {Str+8 Dex+6 Stlth-}
Will    ++...                   M - +4 barding {Fly}
Stlth   ..........              A - amulet of magic regeneration
HPRegen 1.15/turn               p - ring of the Castellan {rElec Will+ MP+9}
MPRegen 0.62/turn               T - +4 ring of slaying

@: flying, unable to read, very slow
A: AC +5, large, see invisible, deformed body, poison resistance, slowness 2,
spit poison 1, naga tail 2, inability to read while threatened 1
a: Spit Poison, Renounce Religion, Bend Time, Temporal Distortion, Slouch, Step
From Time


You were on level 12 of the Dungeon.
You worshipped Cheibriados.
Cheibriados was exalted by your worship.
You visited 4 branches of the dungeon, and saw 21 of its levels.
You also visited: Bailey, Gauntlet and Ice Cave.

You collected 2388 gold pieces.
You spent 1055 gold pieces at shops.

Inventory:

Hand Weapons
 a - a +3 battleaxe of flaming (weapon)
 b - the +6 longbow "Causud" {venom, rPois}
   (You bought it in a shop on level 2 of the Dungeon)

   Any ammunition fired from it poisons the flesh of those it strikes.
   rPois:     It protects you from poison.
Missiles
 k - 5 curare-tipped darts
 q - 3 throwing nets
 x - 12 javelins
 Q - a boomerang of dispersal (quivered)
Armour
 c - the +1 gold dragon scales of Ferocious Intercession (worn) {rPois rF+ rC+ Regen+}
   (You found it in a bailey)

   rF:        It protects you from fire.
   rC:        It protects you from cold.
   rPois:     It protects you from poison.
   Regen:     It increases your rate of health regeneration.
 d - the +2 pair of gloves of Cet Luirile (worn) {Str+8 Dex+6 Stlth-}
   (You found it on level 2 of the Dungeon)

   Str:       It affects your strength (+8).
   Dex:       It affects your dexterity (+6).
   Stlth:     It makes you less stealthy.
 e - a scarf of resistance (worn)
 f - a +0 helmet (worn)
 w - the +7 Kryia's mail coat {PotionHeal*2 rC+}
   (You found it on level 12 of the Dungeon)

   Potions are twice as effective at healing its wearer.
   rC:        It protects you from cold.
 M - a +4 barding of flying (worn)
 O - the +1 cloak of Emaruk {-Cast rF+++}
   (You found it in a Gauntlet)

   rF:        It renders you almost immune to fire.
   -Cast:     It prevents spellcasting.
 S - a +2 cloak of preservation
Magical Staves
 u - a staff of poison
 G - a staff of air
 N - a staff of death
 U - a staff of fire
Jewellery
 p - the ring of the Castellan (left hand) {rElec Will+ MP+9}
   (You bought it in a shop on level 2 of the Orcish Mines)

   [ring of magical power]

   rElec:     It insulates you from electricity.
   MP:        It affects your magic capacity (+9).
   Will:      It increases your willpower.
 A - an amulet of magic regeneration (around neck)
 T - a +4 ring of slaying (right hand)
Wands
 r - a wand of light (8)
 B - a wand of paralysis (13)
 I - a wand of polymorph (3)
 K - a wand of iceblast (26)
 V - a wand of flame (19)
Scrolls
 h - a scroll of enchant weapon
 l - 6 scrolls of fear
 m - 4 scrolls of vulnerability
 s - a scroll of immolation
 t - 2 scrolls of blinking
 v - a scroll of silence
 y - 8 scrolls of teleportation
 D - a scroll of summoning
 X - a scroll of fog
 Y - a scroll of enchant armour
Potions
 g - 16 potions of curing
 i - 3 potions of lignification
 j - 4 potions of brilliance
 n - 3 potions of flight
 o - 4 potions of might
 z - 2 potions of cancellation
 E - 2 potions of haste {unknown}
 H - 3 potions of magic
 J - 5 potions of attraction
 L - 4 potions of mutation
 R - 3 potions of resistance {unknown}
 Z - a potion of heal wounds
Miscellaneous
 C - a condenser vane
 F - a tin of tremorstones (2/2)


   Skills:
 + Level 13.8 Fighting
 + Level 17.6 Axes
 * Level 11.7 Ranged Weapons
 - Level 1.7 Throwing
 + Level 7.6 Dodging
 - Level 8.0 Invocations


You had 14 spell levels left.
You didn't know any spells.
Your spell library contained the following spells:

 Spells                   Type           Power      Damage    Failure   Level
 Magic Dart               Conj           0%         1d3       94%         1
 Call Imp                 Summ           0%         N/A       98%         2
 Scorch                   Fire           0%         2d5       98%         2
 Static Discharge         Conj/Air       0%         3-3/arc   98%         2
 Confusing Touch          Hex            0%         N/A       100%        3
 Gell's Gravitas          Tloc           0%         N/A       100%        3
 Ignite Poison            Fire/Tmut/Pois 0%         N/A       100%        3
 Lesser Beckoning         Tloc           0%         N/A       100%        3
 Mephitic Cloud           Conj/Pois/Air  0%         N/A       100%        3
 Portal Projectile        Hex/Tloc       0%         N/A       100%        3
 Teleport Other           Tloc           0%         N/A       100%        3
 Dispel Undead            Necr           0%         3d6       100%        4
 Flame Wave               Conj/Fire      0%         2d4       100%        4
 Hailstorm                Conj/Ice       0%         3d3       100%        4
 Ice Form                 Ice/Tmut       0%         N/A       100%        4
 Sticky Flame             Conj/Fire      0%         2d3       100%        4
 Freezing Cloud           Conj/Ice/Air   0%         6-21      100%        5
 Lightning Bolt           Conj/Air       0%         1d11      100%        5
 Yara's Violent Unravell  Hex/Tmut       0%         3d3       100%        5
 Dispersal                Tloc           0%         N/A       100%        6
 Simulacrum               Ice/Necr       0%         N/A       100%        6
 Summon Cactus Giant      Summ           0%         N/A       100%        6
 Enfeeble                 Hex            0%         N/A       100%        7
 Maxwell's Capacitive Co  Air            0%         ∞         100%        8


Dungeon Overview and Level Annotations

Branches:
Dungeon (12/15)            Temple (1/1) D:7            Lair (6/6) D:9
  Swamp (0/4) Lair:2       Spider (0/4) Lair:4        Slime (0/5) Lair:5
    Orc (2/2) D:9             Elf (0/3) Orc:2        Bailey (visited)
  IceCv (visited)         Gauntlet (visited)

Altars:
Ashenzari
Cheibriados
Dithmenos
Elyvilon
Hepliaklqana
Kikubaaqudgha
Makhleb
Nemelex Xobeh
Okawaru
Ru
Sif Muna
Trog
Uskayaw
Yredelemnul
Zin
The Shining One
Jiyva

Shops:
D:2 (=::(   D:4 *   D:6 :*   D:9 !   Orc:1 *   Orc:2 *:!=

Portals:
Hell: Lair:6

Annotations:
D:12 1 transporter, zhov's ghost, journeyman DsNe
Lair:1 exclusion: downstairs
Lair:5 exclusion: downstairs


Innate Abilities, Weirdness & Mutations

Your serpentine skin is tough. (AC +5)
You have supernaturally acute eyesight. (SInv)
Armour fits poorly on your strangely shaped body.
Your system is resistant to poisons. (rPois)
You cover ground very slowly.
You can spit poison.
You can use your snake-like lower body to constrict enemies.
You occasionally lose the ability to read scrolls when taking damage.


Message History

The two-headed ogre hits you with a +6 giant club!!
The two-headed ogre hits you with the +4 great mace "Conservator" {vorpal, *Rage rPois Str+4 Dex+4}!
The two-headed ogre hits you but does no damage.
The two-headed ogre hits you with a +0 giant spiked club.
You slice the two-headed ogre!! You burn the two-headed ogre.
You kill the two-headed ogre!
Cheibriados thoroughly appreciates the change of pace.
You slice the two-headed ogre!! You burn the two-headed ogre.
You slash the two-headed ogre! You burn the two-headed ogre.
The two-headed ogre hits you with a +0 giant club!
The two-headed ogre hits you but does no damage.
You barely miss the two-headed ogre. You grab the two-headed ogre.
The two-headed ogre is almost dead.
You hit the two-headed ogre. You burn the two-headed ogre.
You barely miss the two-headed ogre. You constrict the two-headed ogre.
The two-headed ogre misses you. The two-headed ogre barely misses you.
Unknown command.
You slash the two-headed ogre! You burn the two-headed ogre.
You kill the two-headed ogre!
Cheibriados appreciates the change of pace.
You barely miss the two-headed ogre. You slice the two-headed ogre!!
You burn the two-headed ogre.
You kill the two-headed ogre!
Cheibriados appreciates the change of pace.
The two-headed ogre hits you with a +0 giant spiked club!
* * * LOW HITPOINT WARNING * * *
The two-headed ogre hits you with a +0 great mace!
* * * LOW HITPOINT WARNING * * *
You dice the two-headed ogre like an onion!!!
You burn the two-headed ogre! You grab the two-headed ogre.
The two-headed ogre is almost dead.
You slash the two-headed ogre! You burn the two-headed ogre.
You constrict the two-headed ogre.
The two-headed ogre hits you with a +0 giant spiked club!
* * * LOW HITPOINT WARNING * * *
The two-headed ogre hits you with a +0 giant spiked club!
* * * LOW HITPOINT WARNING * * *
The two-headed ogre hits you with a +0 giant spiked club!!
You feel threatened and lose the ability to read scrolls!
You die...

#.# #.# ####.# **,, ##.##
#.# #.# *,,, *#...###.#
######.# *,,,
*******#.###.#########..##>#
*,,, ,,,,,,...*
#.##©.....#..##.# *,,,
***,*###,**#.##..##..#..##.#
*,,, *,*
**,,.###.#.$#.#..##.###...
*,* ***#*
#.#O.#O#........... *,*
#.@##.(#§.#.######. *,*
#©)OW.?#....# ** *,*
#..##.$#©.### * ##*,*
#$#..#.#..#* * ..,,*
#.#..#.#...* * #**,###
#..##..#...# * *,..#
#..,...#...#******* #...#
########....,,,,,,, #...*
*,,,,,,..,,*******,


You could see 2 two-headed ogres and zhov's ghost.

Vanquished Creatures
  Rupert (Lair:6)
  A minotaur (Gauntlet)
  A dire elephant (Lair:6)
  A green death (Gauntlet)
  5 hydras
  2 ogre magi (Orc:2)
  2 boulder beetles
  14 two-headed ogres
  Erica (Orc:1)
  Sonja (Lair:2)
  2 sixfirhies
  Amaemon (Lair:2)
  3 skeletal warriors (D:12)
  2 deep trolls (Orc:2)
  2 bog bodies (IceCv)
  3 wizards
  An orc knight (Orc:1)
  A deep elf pyromancer (D:12)
  3 orc sorcerers
  3 cyclopes
  A large abomination (Gauntlet)
  9 black mambas
  3 torpor snails
  5 elephants (Lair:3)
  A smoke demon (Lair:6)
  13 rime drakes
  3 orange demons
  12 cane toads
  A gargoyle (Bailey)
  Maggie (Lair:2)
  A kobold demonologist (D:12)
  19 komodo dragons
  An efreet (Gauntlet)
  2 red devils (Lair:6)
  5 ice devils
  14 trolls
  3 polar bears
  4 entropy weaver simulacra (IceCv)
  Prince Ribbit (D:7)
  A meliai (shapeshifter) (D:11)
  26 blink frogs
  7 dream sheep (Lair:4)
  4 culicivoras (Lair:4)
  2 jumping spiders (Lair:4)
  40 yaks
  3 wraiths
  A vampire (Bailey)
  3 wyverns
  A fire elemental (Gauntlet)
  6 vampire mosquitoes
  3 steam dragons
  2 redbacks (Lair:4)
  2 basilisks (Lair:6)
  2 death yak simulacra (IceCv)
  2 wargs
  An acid dragon (D:7)
  16 water moccasins
  6 hell hounds
  A sky beast (D:6)
  14 orc warriors
  6 small abominations (Gauntlet)
  20 ogres
  3 centaurs
  27 wolves
  A phantom (D:5)
  2 kobold brigands
  5 bullfrogs
  2 scorpions
  A gnoll sergeant (D:9)
  10 two-headed ogre simulacra (IceCv)
  2 cane toad simulacra (IceCv)
  5 wights (D:8)
  5 killer bees (D:7)
  2 elephant simulacra (IceCv)
  9 vampire bats (Bailey)
  An electric eel (D:9)
  A howler monkey (D:4)
  8 wolf zombies (Bailey)
  4 hounds
  4 jellies
  11 orc priests
  A gnoll bouda (D:8)
  6 iguanas
  15 orc wizards
  Natasha (thrice) (D:4)
  A polar bear simulacrum (IceCv)
  5 spriggan simulacra (IceCv)
  5 troll simulacra (IceCv)
  2 wolf simulacra (IceCv)
  8 gnolls
  5 adders
  3 naga simulacra (IceCv)
  2 shadow imps
  16 white imps
  11 ufetubi
  69 orcs
  3 ball pythons
  5 endoplasms
  6 giant cockroaches
  3 goblins
  4 hobgoblins
  7 jackals
  5 quokkas
  5 bats
  2 frilled lizards (D:2)
  12 kobolds
  20 orc zombies (Bailey)
  4 rats
  A fungus (Lair:6)
650 creatures vanquished.

Vanquished Creatures (others)
  2 bushes (Lair:4)
  22 fungi
  36 plants
60 creatures vanquished.

Grand Total: 710 creatures vanquished

Notes
Turn   | Place    | Note
-------+----------+-------------------------------------------
     0 | D:1      | nxtlvl the Naga Gladiator began the quest for the Orb.
     0 | D:1      | Reached XP level 1. HP: 19/19 MP: 1/1
   122 | D:1      | Reached XP level 2. HP: 24/26 MP: 2/2
   306 | D:2      | Found Girata's Jewellery Emporium.
   352 | D:2      | Found Qejah's Weapon Shop.
   489 | D:2      | Reached XP level 3. HP: 28/33 MP: 3/3
   519 | D:2      | Found Uptie's Book Boutique.
   555 | D:2      | Found Ommicupe's Antique Weapon Shoppe.
   614 | D:2      | Reached skill level 4 in Axes
   670 | D:2      | Identified the +2 pair of gloves of Cet Luirile {Str+8
                  | Dex+6 Stlth-}
   827 | D:3      | Found a sacrificial altar of Ru.
   888 | D:4      | Noticed Natasha
   895 | D:4      | Killed Natasha
   896 | D:4      | Reached XP level 4. HP: 35/42 MP: 4/4
   962 | D:4      | Found a glowing silver altar of Zin.
  1037 | D:4      | Found Xycaetum's Elemental Accessories.
  1070 | D:4      | Noticed Natasha
  1072 | D:4      | Killed Natasha
  1089 | D:4      | Noticed Natasha
  1094 | D:4      | Killed Natasha
  1095 | D:4      | Reached skill level 5 in Axes
  1095 | D:4      | Reached XP level 5. HP: 46/49 MP: 5/5
  1185 | D:4      | Reached XP level 6. HP: 55/57 MP: 6/6
  1213 | D:4      | Found an ancient bone altar of Kikubaaqudgha.
  1381 | D:5      | Entered Level 5 of the Dungeon
  1421 | D:5      | Found a hide-covered altar of Uskayaw.
  1477 | D:5      | Reached skill level 6 in Axes
  1623 | D:5      | Found a burning altar of Makhleb.
  1778 | D:6      | Reached XP level 7. HP: 59/66 MP: 7/7
  1831 | D:6      | Found Isor Tias's General Store.
  1855 | D:6      | Bought a scroll of teleportation for 33 gold pieces
  2068 | D:6      | Reached skill level 7 in Axes
  2125 | D:6      | Reached skill level 5 in Fighting
  2131 | D:6      | Found Dauviez's Book Boutique.
  2166 | D:6      | Reached XP level 8. HP: 47/74 MP: 8/8
  2258 | D:7      | You fall into a shaft and drop 1 floor!
  2347 | D:8      | Reached skill level 8 in Axes
  2484 | D:8      | Noticed a wyvern
  2492 | D:8      | Killed a wyvern
  2493 | D:8      | Reached skill level 9 in Axes
  2528 | D:8      | Found a flagged portal.
  2572 | Bailey   | Entered a bailey
  2767 | Bailey   | Reached XP level 9. HP: 68/85 MP: 9/9
  2943 | Bailey   | Noticed a gargoyle
  2962 | Bailey   | Killed a gargoyle
  2963 | Bailey   | Reached skill level 10 in Axes
  3251 | Bailey   | Identified the +1 gold dragon scales of Ferocious
                  | Intercession {rPois rF+ rC+ Regen+}
  3360 | Bailey   | Identified the +0 plate armour of Going Fast {Rampage rC+}
  3445 | D:7      | Reached skill level 11 in Axes
  3566 | D:7      | Found a shadowy altar of Dithmenos.
  3581 | D:7      | Noticed Prince Ribbit
  3594 | D:7      | Killed Prince Ribbit
  3666 | D:7      | Reached XP level 10. HP: 63/96 MP: 10/10
  3710 | D:7      | Found a staircase to the Ecumenical Temple.
  3783 | Temple   | Entered the Ecumenical Temple
  3790 | Temple   | Became a worshipper of Cheibriados the Contemplative
  3992 | D:8      | Reached skill level 12 in Axes
  4122 | D:8      | Reached * piety under Cheibriados
  4211 | D:9      | Found a staircase to the Lair.
  4252 | D:9      | Reached skill level 13 in Axes
  4292 | D:9      | Reached ** piety under Cheibriados
  4451 | D:9      | Noticed a two-headed ogre
  4459 | D:9      | Killed a two-headed ogre
  4460 | D:9      | Reached XP level 11. HP: 82/108 MP: 11/11
  4535 | D:9      | Reached skill level 10 in Fighting
  4576 | D:9      | Found Eho Maw's Distillery.
  4583 | D:9      | Bought a potion of degeneration for 10 gold pieces
  4583 | D:9      | Bought a potion of attraction for 30 gold pieces
  4692 | D:9      | Reached skill level 14 in Axes
  4746 | D:9      | Found a staircase to the Orcish Mines.
  4755 | Orc:1    | Entered Level 1 of the Orcish Mines
  4772 | D:9      | Reached *** piety under Cheibriados
  4786 | Orc:1    | Noticed an orc knight
  4825 | Orc:1    | Noticed Erica
  4834 | Orc:1    | Killed an orc knight
  4840 | Orc:1    | Killed Erica
  4871 | Orc:1    | Found Osojyt's Overcharged Wands.
  5046 | Orc:1    | Reached **** piety under Cheibriados
  5319 | D:2      | Bought an ebony longbow for 287 gold pieces
  5319 | D:2      | Identified the +6 longbow "Causud" {venom, rPois} (You
                  | bought it in a shop on level 2 of the Dungeon)
  5353 | D:2      | Found Toymegga's Book Emporium.
  5382 | D:2      | Found a faded altar of an unknown god.
  5524 | D:2      | Bought a +2 battleaxe of flaming for 260 gold pieces
  5749 | Lair:1   | Entered Level 1 of the Lair of Beasts
  5759 | Lair:1   | Found a frozen archway.
  5776 | IceCv    | Entered an ice cave
  5871 | IceCv    | Reached skill level 1 in Ranged Weapons
  5871 | IceCv    | Reached skill level 1 in Invocations
  5950 | IceCv    | Reached skill level 15 in Axes
  5964 | IceCv    | Reached ***** piety under Cheibriados
  6188 | IceCv    | Noticed a bog body
  6192 | IceCv    | Killed a bog body
  6193 | IceCv    | Reached XP level 12. HP: 80/120 MP: 13/13
  6485 | Lair:2   | Found a staircase to the Swamp.
  6519 | Lair:2   | Noticed Sonja
  6673 | Lair:2   | Killed Sonja
  6742 | Lair:2   | Noticed Amaemon
  6742 | Lair:2   | Noticed a four-headed hydra
  6742 | Lair:2   | Noticed a seven-headed hydra
  6747 | Lair:2   | Killed a four-headed hydra
  6749 | Lair:2   | Killed a six-headed hydra
  6749 | Lair:2   | Killed Amaemon
  6750 | Lair:2   | Reached skill level 5 in Ranged Weapons
  6832 | Lair:3   | Reached skill level 16 in Axes
  6896 | Lair:3   | Gained mutation: You can use your snake-like lower body to
                  | constrict enemies. [Naga growth]
  6896 | Lair:3   | Reached XP level 13. HP: 120/127 MP: 16/16
  6961 | Lair:3   | Reached skill level 5 in Invocations
  7174 | Lair:2   | Noticed Maggie
  7180 | Lair:2   | Killed Maggie
  7441 | Lair:3   | Identified the +0 robe "Muryu" {rF+ rC+ Int-3 Dex+4}
  7592 | Lair:4   | Found a hole to the Spider Nest.
  7775 | Lair:4   | Reached ****** piety under Cheibriados
  7927 | Lair:6   | Entered Level 6 of the Lair of Beasts
  7934 | Lair:6   | Reached skill level 5 in Dodging
  7939 | Lair:6   | Noticed Rupert
  8047 | Lair:5   | Reached XP level 14. HP: 139/139 MP: 17/19
  8156 | Lair:6   | Killed Rupert
  8380 | Lair:6   | Noticed a dire elephant
  8385 | Lair:6   | Killed a dire elephant
  8558 | Lair:6   | Found a burning altar of Makhleb.
  8637 | Lair:6   | Found a gateway to Hell.
  8935 | Lair:5   | Found a runed translucent door.
  8935 | Lair:5   | Found a viscous altar of Jiyva.
  8935 | Lair:5   | Found a staircase to the Slime Pits.
  9028 | Lair:4   | Reached skill level 17 in Axes
  9178 | Orc:2    | Entered Level 2 of the Orcish Mines
  9270 | Orc:2    | Gained mutation: You occasionally lose the ability to read
                  | scrolls when taking damage. [a neqoxec]
  9276 | Orc:2    | Reached skill level 10 in Ranged Weapons
  9355 | Orc:2    | Reached XP level 15. HP: 131/148 MP: 18/21
  9531 | Orc:2    | Found Itzaluh's Jewellery Emporium.
  9540 | Orc:2    | Found Ebiux's Distillery.
  9541 | Orc:2    | Found Jueloram's Book Emporium.
  9547 | Orc:2    | Found Sid Forhiajo's General Store.
  9557 | Orc:2    | Found a staircase to the Elven Halls.
  9584 | Orc:2    | Bought the ring of the Castellan {rElec Will+ MP+9} for 435
                  | gold pieces
  9701 | D:10     | Entered Level 10 of the Dungeon
 10169 | D:12     | Identified a scroll of acquirement
 10169 | D:12     | Acquired a +2 barding of flying
 10191 | D:12     | Found a gate leading to a gauntlet.
 10200 | Gauntlet | Entered a Gauntlet
 10200 | Gauntlet | Found a transporter.
 10207 | Gauntlet | Found a transporter.
 10211 | Gauntlet | Found a transporter.
 10216 | Gauntlet | Found a transporter.
 10219 | Gauntlet | Found a transporter.
 10223 | Gauntlet | Found a transporter.
 10231 | Gauntlet | Found a transporter.
 10235 | Gauntlet | Found a transporter.
 10241 | Gauntlet | Found a transporter.
 10244 | Gauntlet | Found a transporter.
 10247 | Gauntlet | Found a transporter.
 10252 | Gauntlet | Found a transporter.
 10255 | Gauntlet | Found a transporter.
 10301 | Gauntlet | Found a transporter.
 10412 | Gauntlet | Identified the +1 cloak of Emaruk {-Cast rF+++}
 10473 | Gauntlet | Identified the +0 robe "Vohokkel" {-Cast Rampage rC++ Dex-5
                  | SInv}
 10493 | Gauntlet | Got Sif Muna's Precepts of Spellbinding
 10570 | D:12     | Found the +7 Kryia's mail coat {PotionHeal*2 rC+}
 10776 | D:12     | Found a transporter.
 10776 | D:12     | Noticed zhov's ghost (journeyman DsNe)
 10777 | D:12     | Identified the +4 great mace "Conservator" {vorpal, *Rage
                  | rPois Str+4 Dex+4}
 10781 | D:12     | Found a transporter.
 10789 | D:12     | Demolished by a two-headed ogre

Illustrated notes

Levels and vault maps discovered:
D:1:      dpeg_arrival_prison, layout_loops_corners
D:2:      layout_loops_ring, serial_shops, nicolae_diamond_shop,
          nicolae_diamond_shop, shop, shop_statue, shop,
          shapermc_ecumenical_altar_acropolis, fountainhead,
          guppyfry_early_orc_mine
D:3:      layout_loops_corners, lemuel_round_altar,
          gammafunk_temple_overflow_claw, chequers_serial_rivers_small_3
D:4:      layout_cave_pods, mainiacjoe_overflow_tiny_flanked,
          mainiacjoe_overflow_boulevard, nicolae_elemental_shop,
          minmay_small_thing, uniq_natasha
D:5:      layout_rooms, nicolae_uskayaw_suspiria, general_overflow_altar
D:6:      layout_gridville, serial_shops, nicolae_shop_behind_doors, shop_coins,
          nicolae_concentric_dashed_squares_mild
D:7:      layout_gridville, nicolae_dithmenos_shadow_blocks,
          minmay_temple_entry_offerings, uniq_prince_ribbit1
D:8:      layout_basic, enter_bailey_2
D:9:      layout_roguey, erik_lair_island, orc_0_dummy, serial_shops, shop,
          minmay_misc_feat_roman
D:10:     layout_loops_corners
D:11:     layout_loops_ring, uniq_maurice
D:12:     layout_loops_ring, gauntlet_entry_generic, gammafunk_ghost_smash,
          hex_tiny
Temple:   nicolae_temple_ecumenical_triangle
Lair:1:   layout_chaotic_city, portal_ice_cave_rime, beast_lair_carwin_9
Lair:2:   layout_small_grid, minmay_swamp_entry_reptiles, lemuel_fruit_tree,
          uniq_sonja, uniq_amaemon, uniq_maggie
Lair:3:   layout_gridlike, serial_bayou, serial_bayou_pond_a,
          serial_bayou_crossing, serial_bayou_pond_d, serial_bayou_pond_c,
          serial_bayou_pond_c, serial_bayou_pond_b, minivault_19
Lair:4:   layout_cave_pods, nicolae_spider_entry_tight_spaces,
          grunt_forest_small_clearings, infiniplex_staircase_pool_2
Lair:5:   layout_regular_city, slime_entry_2, grunt_megastairs_1
Lair:6:   evil_forest, layout_long_grid, st_stairs_3, uniq_rupert
Orc:1:    layout_caves, nicolae_shop_overcharged_wands, uniq_erica
Orc:2:    st_orc_open, layout_caves, nicolae_orc_lava_room

Skill      XL: |  1  2  3  4  5  6  7  8  9 10 11 12 13 14 15 |
---------------+----------------------------------------------+-----
Axes           | 4 5 6 7 9 11 13 15 16 17 | 17.6
Fighting       | 3 4 5 6 8 9 11 12 13 | 13.8
Ranged Weapons | 2 5 8 10 11 | 11.7
Invocations    | 2 4 6 8 |  8.0
Dodging        | 3 5 6 7 |  7.6
Throwing       | |  1.7

Action                   |  1- 3 |  4- 6 |  7- 9 | 10-12 | 13-15 || total
-------------------------+-------+-------+-------+-------+-------++-------
Melee: War axe           |    53 |    76 |   296 |    57 |       ||   482
       Halberd           |       |       |       |   265 |       ||   265
       Battleaxe         |       |       |       |   158 |   396 ||   554
       Constrict         |       |       |       |       |   112 ||   112
 Fire: Longbow           |       |       |       |    48 |   233 ||   281
Throw: Dart              |     5 |     8 |    28 |    25 |       ||    66
       Boomerang         |       |       |     5 |     9 |       ||    14
       Throwing net      |       |       |       |     1 |       ||     1
Invok: Slouch            |       |       |       |     5 |     4 ||     9
 Abil: Spit Poison       |    30 |    23 |    28 |    25 |     5 ||   111
Evoke: Wand              |       |       |    25 |    16 |     1 ||    42
  Use: Scroll            |       |       |     4 |     5 |    15 ||    24
       Potion            |       |       |       |     4 |       ||     4
 Stab: Paralysed         |       |       |    20 |     2 |       ||    22
       Distracted        |       |       |       |     1 |       ||     1
       Invisible         |       |       |       |     5 |     2 ||     7
Armor: Leather armour    |     1 |       |       |       |       ||     1
       Chain mail        |    32 |    55 |       |       |       ||    87
       Plate armour      |       |     4 |    96 |       |       ||   100
       Gold dragon scale |       |       |    43 |   258 |   203 ||   504
Dodge: Dodged            |    21 |    31 |    47 |    95 |   177 ||   371
Block: Buckler           |       |     1 |   153 |     5 |       ||   159
       Reflection        |       |       |     4 |     2 |       ||     6
       Other             |       |       |       |    76 |    16 ||    92

Table legend: (Time is in decaauts)
 A = Elapsed time spent in this place.
 B = Non-inter-level travel time spent in this place.
 C = Inter-level travel time spent in this place.
 D = Time resting spent in this place.
 E = Time spent auto-exploring this place.
 F = Levels seen in this place.
 G = Mean time per level.
                   A        B        C        D        E       F      G
               +--------+--------+--------+--------+--------+-----+--------+
         Total |  19742 |  18518 |   1224 |      0 |     29 |  24 |  822.6 |
       Dungeon |   8945 |   8071 |    874 |      0 |      0 |  12 |  745.4 |
        Temple |     21 |     21 |      0 |      0 |      0 |   1 |   21.0 |
          Lair |   6283 |   6001 |    282 |      0 |      0 |   6 | 1047.2 |
  Orcish Mines |   1556 |   1488 |     68 |      0 |     29 |   2 |  778.0 |
        Bailey |   1073 |   1073 |      0 |      0 |      0 |   1 | 1073.0 |
      Ice Cave |   1163 |   1163 |      0 |      0 |      0 |   1 | 1163.0 |
      Gauntlet |    698 |    698 |      0 |      0 |      0 |   1 |  698.0 |
               +--------+--------+--------+--------+--------+-----+--------+

Top non-repeatable levels by time:
  Lair:6: 1690 daAuts
     D:9: 1351 daAuts
  Lair:4: 1340 daAuts
     D:2: 1276 daAuts
   IceCv: 1163 daAuts
  Bailey: 1073 daAuts
     D:8: 1046 daAuts
  Lair:2: 1037 daAuts
  Lair:3: 1029 daAuts
    D:10: 876 daAuts
     D:4: 802 daAuts
   Orc:2: 801 daAuts
   Orc:1: 754 daAuts
     D:6: 747 daAuts
    D:12: 711 daAuts
